 Dungeon Crawl Stone Soup version 0.30-a0-459-g9104f0fc43 (webtiles) character file.

Game seed: 16408620711620144127

322 ytrimaz the Magician (level 6, -10/40 HPs)
             Began as a Djinni Fire Elementalist on Dec 15, 2022.
             Killed by divine providence
             ... invoked by an orc priest
              (12 damage)
             ... on level 3 of the Dungeon.
             The game lasted 00:05:03 (3130 turns).

ytrimaz the Magician (Djinni Fire Elementalist)     Turns: 3130, Time: 00:05:03

Health: -10/40     AC:  3    Str:  7    XL:     6   Next: 76%
Gold:   182        EV: 12    Int: 18    God:
                   SH:  0    Dex: 14

rFire   + + +      SeeInvis .    (no weapon)
rCold   + . .      Faith    .    (no shield)
rNeg    . . .      Spirit   .    i - +1 robe {rC+}
rPois   ∞          Reflect  .    (no helmet)
rElec   +          Harm     .    (no cloak)
rCorr   +          Rampage  .    (no gloves)
Will    .....                    (boots unavailable)
Stlth   ++........               (no amulet)
HPRegen 0.26/turn                (no ring)
MPRegen 0.00/turn                (no ring)

@: brilliant, resistant, on berserk cooldown, flying, very slightly
contaminated, slowed, very slow
A: sickness immunity, fire resistance 3, cold vulnerability 1, float, innate
caster, HP casting, extra vitality 1
a: no special abilities


You were on level 3 of the Dungeon.
You visited 1 branch of the dungeon, and saw 3 of its levels.

You collected 182 gold pieces.


Innate Abilities, Weirdness & Mutations

You are immune to sickness and miasma.
You are immune to poison.
Your flesh is almost immune to the effects of heat. (rF+++)
You are vulnerable to cold. (rC-)
You float through the air rather than walking.
You learn spells naturally, not from books.
Your magical power is your life essence.
You have superior vitality. (+4 MHP)


   Skills:
 - Level 2.6 Dodging
 - Level 1.9 Stealth
 + Level 5.2 Spellcasting


You couldn't memorise any spells.
You knew the following spells:

 Your Spells              Type           Power      Damage    Failure   Level
a - Foxfire               Conj/Fire      100%       2x1d9     1%          1
b - Scorch                Fire           70%        2d9       2%          2
c - Kindle Blastsparks    Fire/Tloc/Air  70%        2d15      4%          3
d - Inner Flame           Hex/Fire       35%        N/A       4%          3
e - Flame Wave            Conj/Fire      35%        2d10      14%         4
f - Sandblast             Erth           70%        2d15      1%          1
g - Static Discharge      Conj/Air       70%        2-5/arc   2%          2
Your spell library was empty.

Inventory:

Armour
 a - the +5 ring mail of Curiosity {rC+}
   (You found it on level 2 of the Dungeon)

   rC:        It protects you from cold.
 i - a +1 robe of cold resistance (worn)
   (You found it on level 1 of the Dungeon)
Scrolls
 j - 2 scrolls of poison
Potions
 c - a potion of might
 e - 3 potions of flight

Dungeon Overview and Level Annotations

Branches:
Dungeon (3/15) Zot: 14867

Altars:
Makhleb
Qazlal
Yredelemnul

######### ##.#.#.#.##
#.........# ##§......##
#§§§§.....######
##§§§....###...#
#§§§§§>..).#...#############
#...#§§§§..)#.o...+...........#
##..§§§§......#@..###########.##
#..#§#.#.#.#.#...# #...........
#....##......#...###.#######.#.
#...o#######o#.....#.# #.#.
#.!..# ##'###...#.# #.#.
###....# #....#...#.# #.#.
.......# #....'...'.# #.#.
.......######....#...### #.#.
.................+....# #.#.


You could see an orc priest.


Message History

Casting: Flame Wave (quite dangerous; 16% risk of failure)
Confirm with . or Enter, or press ? or * to list all spells.
The spell is quite dangerous to miscast (16% risk of failure)!
Continue anyway?
Casting: Flame Wave (quite dangerous; 16% risk of failure)
Press: ? - help, Dir - look around, f - activate You miscast Flame Wave.
Nothing appears to happen.
* * * LOW HITPOINT WARNING * * *
The endoplasm barely misses you. 😨 HP[-4]
You take 4 damage, and now have 18/40 hp.
Unknown command.
Okay, then.
As you read the scroll of fog, it crumbles to dust.
The scroll dissolves into smoke.
The endoplasm misses you. The orc misses you.
Unknown command.
The orc barely misses you. 😨 HP[+1]
The orc closely misses you. The endoplasm attacks as you move away!
The endoplasm hits you.
* * * LOW HITPOINT WARNING * * *
The orc attacks as you move away! The orc closely misses you. 😨 HP[-1]
You take 1 damage, and now have 18/40 hp.
The endoplasm attacks as you move away!
The endoplasm completely misses you. 😨 HP[+1]
The orc attacks as you move away! The orc hits you with a +0 club.
* * * LOW HITPOINT WARNING * * *
😨 HP[-3]
You take 3 damage, and now have 16/40 hp.
Casting: Flame Wave (quite dangerous; 16% risk of failure)
Confirm with . or Enter, or press ? or * to list all spells.
A cloud of volatile blastsparks flares up around you!
* * * LOW HITPOINT WARNING * * *
The endoplasm freezes you.
You are frozen.
* * * LOW HITPOINT WARNING * * *
The orc barely misses you. 😨 HP[-4]
You take 4 damage, and now have 12/40 hp.
Unknown command.
The orc attacks as you move away! The orc hits you with a +0 club.
* * * LOW HITPOINT WARNING * * *
The endoplasm attacks as you move away! The endoplasm misses you.
The orc priest attacks as you move away!
The orc priest hits you with a +0 dagger.
* * * LOW HITPOINT WARNING * * *
The cloud of blastsparks explodes!
The concussive blast engulfs the orc!
You kill the orc!
You feel a bit more experienced.
The concussive blast engulfs the endoplasm!!
You kill the endoplasm!
The concussive blast engulfs you. You resist.
* * * LOW HITPOINT WARNING * * *
😱 HP[-10]
You take 10 damage, and now have 2/40 hp.
MASSIVE DAMAGE!! (PAUSE)
There is an open door here.
You reach down and close the door. 😱 HP[+1]
Okay, then.
It was a potion of berserk rage.
A red film seems to cover your vision as you go berserk!
You feel yourself moving faster!
You feel mighty! 😱 HP[+1]
You now have 60 max hp (+20).
The door flies open with a bang!
You feel a strong urge to attack something.
You hear a shout! 😱 HP[+1]
The orc priest invokes the aid of Beogh against you.
You struggle to resist.
There is an open door here.
You feel your anger nearly subside.
You are no longer berserk.
You are exhausted.
You feel yourself slow down.
There is an open door here. 😱 HP[-2]
You now have 40 max hp (-20). 😱 HP[+1]
You reach down and close the door.
Something unseen opens the door. 😱 HP[+1] It was a potion of brilliance.
You feel clever all of a sudden.
The orc priest mumbles some strange prayers to Beogh against you.
Pain shoots through your body!
* * * LOW HITPOINT WARNING * * *
😱 HP[-4]
You take 4 damage, and now have 1/40 hp.
Unknown command.
It was a potion of mutation.
You feel extremely strange.
You feel more resistant to heat. The orc priest closely misses you. x2
It was a potion of resistance.
You feel protected.
The orc priest calls down the wrath of Beogh upon you.
Beogh smites you!
You die...

Skill      XL: |  1  2  3  4  5  6 |
---------------+-------------------+-----
Spellcasting   | 3 4 5 |  5.2
Dodging        | |  2.6
Stealth        | |  1.9

Action                   |  1- 3 |  4- 6 || total
-------------------------+-------+-------++-------
Melee: Unarmed           |    12 |     2 ||    14
 Cast: Foxfire           |    91 |    42 ||   133
       Kindle Blastspark |       |    10 ||    10
  Use: Scroll            |     3 |     7 ||    10
       Potion            |       |     6 ||     6
Armor: Robe              |     3 |     4 ||     7
       Ring mail         |     5 |       ||     5
Dodge: Dodged            |    17 |    17 ||    34

Levels and vault maps discovered:
D:1:      erik_arrival_orb_chamber, layout_basic,
          dreamdust_ecumenical_altar_drowned_temple, minmay_misc_feat_ornament,
          nrook_mini_backslash
D:2:      layout_loops_corners, uniq_robin, uniq_sigmund
D:3:      layout_basic, nicolae_qazlal_eye_of_the_storm,
          mainiacjoe_overflow_catwalk_spiral, serial_curves, eino_curves_02,
          eino_curves_01, st_stairs_4, kennysheep_flooded_box,
          kennysheep_generic_room_7

Notes
Turn   | Place    | Note
-------+----------+-------------------------------------------
     0 | D:1      | ytrimaz the Djinni Fire Elementalist began the quest for
                  | the Orb.
     0 | D:1      | ytrimaz set off with the following spells memorised:
                  | Foxfire, Scorch, Kindle Blastsparks, Inner Flame, Flame
                  | Wave.
     0 | D:1      | Reached XP level 1. HP: 15/15 MP: 0/0
     0 | D:1      | magus.rc [v1.9.6]
   134 | D:1      | Found a faded altar of an unknown god.
   353 | D:1      | Reached XP level 2. HP: 17/21 MP: 0/0
   901 | D:2      | Identified the +5 ring mail of Curiosity {rC+}
  1104 | D:2      | Noticed Robin
  1359 | D:2      | Reached XP level 3. HP: 20/25 MP: 0/0
  1359 | D:2      | Learned a level 1 spell: Sandblast
  1511 | D:2      | Reached skill level 3 in Spellcasting
  1545 | D:2      | HP: 3/25 [worm (9)]
  1986 | D:2      | Reached XP level 4. HP: 29/31 MP: 0/0
  2094 | D:2      | Noticed Sigmund
  2109 | D:2      | Killed Sigmund
  2110 | D:2      | Reached skill level 4 in Spellcasting
  2110 | D:2      | Reached XP level 5. HP: 19/35 MP: 0/0
  2110 | D:2      | Learned a level 2 spell: Static Discharge
  2110 | D:2      | Reached XP level 6. HP: 22/40 MP: 0/0
  2498 | D:3      | Found a stormy altar of Qazlal.
  2626 | D:3      | Found a basalt altar of Yredelemnul.
  2647 | D:3      | Found a burning altar of Makhleb.
  2812 | D:3      | Reached skill level 5 in Spellcasting
  2953 | D:2      | Killed Robin
  3115 | D:3      | HP: 8/40 [orc/+0 club (4)]
  3115 | D:3      | HP: 2/40 [shot self (3)]
  3128 | D:3      | HP: 1/40 [orc priest/nerve-wracking pain (4)]
  3129 | D:3      | Gained mutation: Your flesh is almost immune to the effects
                  | of heat. (rF+++) [potion of mutation]
  3130 | D:3      | Killed from afar by an orc priest

Vanquished Creatures
  Sigmund (D:2)
  An orc priest (D:3)
  An orc wizard (D:3)
  Robin (D:2)
  3 gnolls (D:3)
  An adder (D:2)
  A worm (D:2)
  A dart slug (D:1)
  3 orcs (D:3)
  4 endoplasms
  3 giant cockroaches
  8 hobgoblins
  3 kobolds
  A quokka (D:1)
  3 ball pythons
  6 bats
  2 frilled lizards
  10 goblins
  A rat (D:2)
  A spectral kobold (D:1)
55 creatures vanquished.

Vanquished Creatures (others)
  204 foxfires
204 creatures vanquished.

Grand Total: 259 creatures vanquished

Table legend:
 A = Non-vault XP
 B = Vault XP
 C = Vault XP percentage of total XP
 D = Non-vault monster count
 E = Vault monster count
 F = Vault count percentage of total count
                 A         B        C        D         E       F
            +---------+---------+-------+---------+---------+-------
      Total |     201 |     259 |  56.3 |      41 |      14 |  25.5
            +---------+---------+-------+---------+---------+-------
        D:1 |      14 |       1 |   6.7 |       8 |       1 |  11.1
        D:2 |      48 |     256 |  84.2 |      20 |      12 |  37.5
        D:3 |     139 |       2 |   1.4 |      13 |       1 |   7.1
            +---------+---------+-------+---------+---------+-------

Illustrated notes

Table legend:
 A = Kills in this place as a percentage of kills in entire the game.
 B = Kills by you in this place as a percentage of kills by you in the entire game.
 C = Kills by friends in this place as a percentage of kills by friends in the entire game.
 D = Other kills in this place as a percentage of other kills in the entire game.
 E = Experience gained in this place as a percentage of experience gained in the entire game.
 F = Experience gained in this place divided by the number of levels of this place that you have seen.
                   A       B       C       D       E      F
               +-------+-------+-------+-------+-------+----------------------
         Total | 100.0 | 100.0 |   N/A |   N/A | 100.0 | 153.3
       Dungeon | 100.0 | 100.0 |   N/A |   N/A | 100.0 | 153.3
               +-------+-------+-------+-------+-------+----------------------

Table legend: (Time is in decaauts)
 A = Elapsed time spent in this place.
 B = Non-inter-level travel time spent in this place.
 C = Inter-level travel time spent in this place.
 D = Time resting spent in this place.
 E = Time spent auto-exploring this place.
 F = Levels seen in this place.
 G = Mean time per level.
                   A        B        C        D        E       F      G
               +--------+--------+--------+--------+--------+-----+--------+
         Total |   3131 |   2901 |    230 |    195 |   2193 |   3 | 1043.7 |
       Dungeon |   3131 |   2901 |    230 |    195 |   2193 |   3 | 1043.7 |
               +--------+--------+--------+--------+--------+-----+--------+

Top non-repeatable levels by time:
     D:2: 1754 daAuts
     D:1: 900 daAuts
     D:3: 476 daAuts
